 Dungeon Crawl Stone Soup version 0.30-a0-652-gcc886f7154 (webtiles) character file.

Game seed: 15149856437280118474

7119 Dittersdorf the Fighter (level 11, -17/72 HPs)
             Began as a Gargoyle Fighter on Jan 17, 2023.
             Was a High Priest of Okawaru.
             Demolished by a very large slime creature (38 damage)
             ... on level 9 of the Dungeon.
             The game lasted 00:23:19 (9527 turns).

Dittersdorf the Fighter (Gargoyle Fighter)          Turns: 9527, Time: 00:23:20

Health: -17/72     AC: 26    Str: 30    XL:     11   Next: 10%
Magic:  10/11      EV: 13    Int:  9    God:    Okawaru [*****.]
Gold:   547        SH:  6    Dex:  9    Spells: 10/10 levels left

rFire   . . .      SeeInvis .    a - +1 flail (flame)
rCold   . . .      Faith    .    c - +0 buckler
rNeg    + . .      Spirit   .    p - +0 chain mail
rPois   ∞          Reflect  .    m - +1 helmet
rElec   +          Harm     .    t - +2 cloak
rCorr   .          Rampage  .    i - +0 pair of gloves
Will    .....                    (no boots) Stlth
                                 (no amulet)
HPRegen 0.32/turn                e - +6 ring of strength
MPRegen 0.12/turn                B - +5 ring of evasion

@: no status effects
A: sickness immunity, AC +8, negative energy resistance 1, electricity
resistance, torment resistance 1, petrification resistance
a: Renounce Religion, Heroism, Finesse, Duel


You were on level 9 of the Dungeon.
You worshipped Okawaru.
Okawaru was extremely pleased with you.
You visited 2 branches of the dungeon, and saw 10 of its levels.

You collected 547 gold pieces.

Inventory:

Hand Weapons
 a - a +1 flail of flaming (weapon)
 L - a +0 morningstar
Missiles
 K - 3 throwing nets
 M - a curare-tipped dart (quivered)
Armour
 c - a +0 buckler (worn)
 i - a +0 pair of gloves (worn)
 m - a +1 helmet (worn)
 p - a +0 chain mail (worn)
 t - a +2 cloak (worn)
Jewellery
 e - a +6 ring of strength (left hand)
 h - a ring of protection from cold
 B - a +5 ring of evasion (right hand)
Wands
 b - a wand of roots (10)
 o - a wand of flame (12)
 C - a wand of quicksilver (10)
Scrolls
 f - 3 scrolls of identify
 g - a scroll of magic mapping {unknown}
 x - 5 scrolls of fog
 y - a scroll of fear
 A - a scroll of enchant weapon
 F - a scroll of immolation {unknown}
 I - 3 scrolls of teleportation {unknown}
 J - a scroll of butterflies {unknown}
Potions
 d - a potion of might
 j - 3 potions of heal wounds
 k - a potion of lignification {unknown}
 l - a potion of berserk rage {unknown}
 n - 4 potions of brilliance
 q - a potion of ambrosia {unknown}
 r - a potion of resistance
 s - 2 potions of mutation {unknown}
 u - 3 potions of flight {unknown}
 v - 2 potions of magic
 w - 4 potions of haste
 z - 2 potions of invisibility {unknown}
 E - a potion of attraction {unknown}
 G - 3 potions of curing {unknown}
 H - a potion of degeneration {unknown}


   Skills:
 + Level 9.8 Fighting
 + Level 8.6 Maces & Flails
 + Level 9.8 Armour
 + Level 9.8 Shields


You had 10 spell levels left.
You didn't know any spells.
Your spell library contained the following spells:

 Spells                   Type           Power      Damage    Failure   Level
 Magic Dart               Conj           0%         1d3       89%         1
 Searing Ray              Conj           0%         2d4       96%         2
 Kindle Blastsparks       Fire/Tloc/Air  0%         2d10      99%         3
 Fulminant Prism          Conj/Hex       0%         3d5       100%        4
 Iskenderun's Mystic Bla  Conj/Tloc      0%         2d3       100%        4
 Lee's Rapid Deconstruct  Erth           0%         3d4*      100%        5


Dungeon Overview and Level Annotations

Branches:
Dungeon (9/15)             Temple (1/1) D:4
   Lair: D:8-11         Orc: D:9-12

Altars:
Ashenzari
Cheibriados
Dithmenos
Elyvilon
Fedhas
Hepliaklqana
Kikubaaqudgha
Makhleb
Okawaru
Qazlal
Ru
Sif Muna
Trog
Uskayaw
Wu Jian
Xom
Yredelemnul
The Shining One

Shops:
D:2 (

Annotations:
D:4 2 transporters


Innate Abilities, Weirdness & Mutations

You are immune to sickness and miasma.
Your stone body is resilient. (AC +8)
You are immune to poison.
You resist negative energy. (rN+)
You are resistant to electric shocks. (rElec)
You are resistant to unholy torment.
You are immune to petrification.


Message History

There is a broken altar of Ashenzari here.
z - 2 brown potions (gained 1)
G - 3 cyan potions (gained 1)
You see here a +0 dagger. 2 slime creatures come into view.
The slime creature quivers. x2
A slime creature comes into view.
The slime creature quivers.
Two slime creatures merge to form a large slime creature.
You gain the combat prowess of a mighty hero.
The large slime creature hits you but does no damage.
Two slime creatures merge to form a very large slime creature.
You sock the very large slime creature! You burn the very large slime creature!
The very large slime creature is lightly wounded.
You sock the very large slime creature! You burn the very large slime creature.
The very large slime creature is moderately wounded.
The very large slime creature hits you!!
You sock the very large slime creature! You burn the very large slime creature.
The very large slime creature is moderately wounded.
You bludgeon the very large slime creature!!
You burn the very large slime creature.
The very large slime creature is heavily wounded.
The very large slime creature hits you!!
* * * LOW HITPOINT WARNING * * *
You bludgeon the very large slime creature!!
You burn the very large slime creature!
The very large slime creature is heavily wounded.
The very large slime creature completely misses you.
You sock the very large slime creature! You burn the very large slime creature.
The very large slime creature is severely wounded.
The very large slime creature misses you.
The very large slime creature attacks as you move away!
You block the very large slime creature's attack.
You feel like a meek peon again.
You see here a +0 dagger.
You hit the very large slime creature. You burn the very large slime creature.
The very large slime creature is severely wounded.
The very large slime creature hits you!!!
Ouch! That really hurt!
You die...

######.†.#..#
+....>...#..#
#####.#.###.##
#..)....###..#
#.###.#.###..#
#.# #.#......#
#.# #.####.#.#
#.##..# #...#
#....## ###@#
#####..##....
#J# ....#..#
.. #.#
###.#..# #.#
.<[.#..# #.#
.).....# #.#
....#.## #.#
....#... ...
....#####
##..#


You could see a very large slime creature.

Vanquished Creatures
  Harold (D:9)
  Pikel (D:4)
  A deep elf pyromancer (D:7)
  Maurice (D:8)
  Joseph (D:7)
  5 yaks (D:9)
  3 steam dragons
  Edmund (D:5)
  An acid dragon (D:9)
  2 water moccasins
  An ice beast (D:7)
  4 orc warriors
  2 sky beasts (D:7)
  2 ogres (D:6)
  2 centaurs
  A lemure (D:4)
  Blork the orc (D:8)
  4 bullfrogs
  4 scorpions
  A gnoll sergeant (D:8)
  A necrophage (D:6)
  5 wights (D:8)
  3 killer bees (D:8)
  A howler monkey (D:8)
  2 jellies
  Crazy Yiuf (D:2)
  A gnoll bouda (D:4)
  4 quasits
  4 hounds
  7 orc priests
  4 iguanas
  Terence (D:2)
  10 orc wizards
  Robin (D:2)
  11 adders
  10 gnolls
  A shadow imp (D:6)
  4 white imps
  4 ufetubi
  2 worms
  4 dart slugs
  40 orcs
  7 endoplasms
  2 giant cockroaches (D:1)
  17 goblins
  10 hobgoblins
  8 jackals
  7 kobolds
  3 quokkas
  13 ball pythons
  5 bats
  A frilled lizard (D:2)
  A rat (D:2)
234 creatures vanquished.

Vanquished Creatures (others)
  An orc wizard (D:6)
  An orc (D:9)
  2 demonic plants (D:6)
4 creatures vanquished.

Grand Total: 238 creatures vanquished

Notes
Turn   | Place    | Note
-------+----------+-------------------------------------------
     0 | D:1      | Dittersdorf the Gargoyle Fighter began the quest for the
                  | Orb.
     0 | D:1      | Reached XP level 1. HP: 14/14 MP: 1/1
   163 | D:1      | Reached XP level 2. HP: 19/19 MP: 2/2
   746 | D:1      | Reached XP level 3. HP: 23/23 MP: 3/3
   992 | D:2      | Noticed Terence
  1011 | D:2      | Killed Terence
  1047 | D:2      | Reached XP level 4. HP: 12/29 MP: 4/4
  1138 | D:2      | Noticed Robin
  1168 | D:2      | Found Guuvem Woyg's Weapon Shoppe.
  1281 | D:2      | Killed Robin
  1702 | D:2      | Found a runed translucent door.
  1703 | D:2      | Noticed Crazy Yiuf
  1748 | D:2      | Reached XP level 5. HP: 30/33 MP: 5/5
  2102 | D:2      | Killed Crazy Yiuf
  2312 | D:3      | Found a glowing golden altar of the Shining One.
  2704 | D:3      | Found a shadowy altar of Dithmenos.
  2791 | D:3      | Reached XP level 6. HP: 34/39 MP: 6/6
  2892 | D:4      | Noticed an ice beast
  2892 | D:4      | Noticed an ice beast
  2892 | D:4      | Found a transporter.
  2961 | D:4      | Found a transporter.
  3346 | D:4      | Noticed an ice beast
  3543 | D:4      | Reached skill level 5 in Shields
  3553 | D:4      | Reached skill level 5 in Fighting
  3553 | D:4      | Reached skill level 5 in Armour
  3553 | D:4      | Reached XP level 7. HP: 26/44 MP: 7/7
  3724 | D:4      | Found a staircase to the Ecumenical Temple.
  3733 | Temple   | Entered the Ecumenical Temple
  3883 | Temple   | Became a worshipper of Warmaster Okawaru
  4039 | D:4      | Found a shimmering blue altar of Sif Muna.
  4080 | D:5      | Entered Level 5 of the Dungeon
  4179 | D:5      | Identified the +0 robe "Joiduun" {Str+6 Archmagi}
  4213 | D:5      | Found a burning altar of Makhleb.
  4552 | D:5      | Noticed Pikel
  4674 | D:4      | Killed Pikel
  4674 | D:4      | Reached * piety under Okawaru
  4675 | D:4      | Reached skill level 5 in Maces & Flails
  4675 | D:4      | Reached XP level 8. HP: 11/52 MP: 8/8
  4914 | D:5      | Noticed Edmund
  4961 | D:5      | Killed Edmund
  5530 | D:6      | Reached ** piety under Okawaru
  5836 | D:6      | Reached XP level 9. HP: 55/57 MP: 9/9
  6963 | D:7      | Noticed Joseph
  6978 | D:7      | Reached *** piety under Okawaru
  6998 | D:7      | Killed Joseph
  7279 | D:7      | Reached XP level 10. HP: 64/64 MP: 10/10
  7289 | D:7      | Found a basalt altar of Yredelemnul.
  7536 | D:7      | Noticed a deep elf pyromancer
  7569 | D:7      | Killed a deep elf pyromancer
  7968 | D:8      | Reached **** piety under Okawaru
  8108 | D:8      | Noticed Maurice
  8170 | D:8      | Killed Maurice
  8310 | D:8      | Found a bloodstained altar of Trog.
  8400 | D:8      | Received a gift from Okawaru
  8651 | D:8      | Found a runed translucent door.
  9032 | D:9      | Noticed Harold
  9045 | D:9      | Killed Harold
  9045 | D:9      | Reached ***** piety under Okawaru
  9224 | D:9      | Noticed Blork the orc
  9368 | D:8      | Killed Blork the orc
  9403 | D:9      | Found a broken altar of Ashenzari.
  9415 | D:9      | Reached XP level 11. HP: 72/72 MP: 11/11
  9527 | D:9      | Demolished by a very large slime creature

Illustrated notes

Levels and vault maps discovered:
D:1:      shiori_shiawase, layout_loops_corners
D:2:      layout_loops_ring, serial_shops, nicolae_shop_statue_plus,
          minmay_unequal, uniq_terence, uniq_crazy_yiuf_cottage, uniq_robin
D:3:      minmay_chambers_of_twos, layout_rooms,
          mainiacjoe_overflow_six_doors_small, nicolae_tso_carved_into_rock
D:4:      gammafunk_cloud_chamber, layout_basic, lemuel_blue_sif_altar,
          lemuel_temple_firewalk_b, minivault_4
D:5:      layout_gridville, lemuel_doored_altar, uniq_pikel, uniq_edmund
D:6:      layout_basic, serial_demonic, serial_demonic_b, serial_demonic_a,
          serial_demonic_d, serial_demonic_d, fountainhead
D:7:      layout_basic, kennysheep_mini, minivault_25, grunt_ministairs_14,
          minmay_microvault, uniq_joseph
D:8:      layout_rooms, mainiacjoe_overflow_surrounded_room, amethyst_killhole,
          lightli_church_of_beogh, uniq_maurice
D:9:      layout_basic, overflow_temple_1_default, cheibrodos_ashenzari_chains,
          hangedman_minor_magic, uniq_maggie, uniq_harold, uniq_erolcha
Temple:   dpeg_chambers_temple

Skill      XL: |  1  2  3  4  5  6  7  8  9 10 |
---------------+-------------------------------+-----
Shields        | 4 5 6 7 8 9 |  9.8
Armour         | 4 5 6 7 8 9 |  9.8
Fighting       | 4 5 6 7 8 9 |  9.8
Maces & Flails | 3 5 7 8 |  8.6

Action                   |  1- 3 |  4- 6 |  7- 9 | 10-12 || total
-------------------------+-------+-------+-------+-------++-------
Melee: Flail             |    91 |   314 |   342 |   288 ||  1035
       Whip              |       |       |    59 |       ||    59
Throw: Dart              |       |       |    25 |    12 ||    37
Invok: Heroism           |       |       |       |     4 ||     4
Evoke: Wand              |       |       |     1 |       ||     1
  Use: Scroll            |       |       |    12 |       ||    12
Armor: Scale mail        |    60 |    44 |       |       ||   104
       Chain mail        |       |   242 |   373 |   213 ||   828
Dodge: Dodged            |    49 |   163 |   471 |   192 ||   875
Block: Buckler           |    20 |    76 |   153 |    70 ||   319

Table legend: (Time is in decaauts)
 A = Elapsed time spent in this place.
 B = Non-inter-level travel time spent in this place.
 C = Inter-level travel time spent in this place.
 D = Time resting spent in this place.
 E = Time spent auto-exploring this place.
 F = Levels seen in this place.
 G = Mean time per level.
                   A        B        C        D        E       F      G
               +--------+--------+--------+--------+--------+-----+--------+
         Total |   9703 |   9281 |    422 |   1328 |   5450 |  10 |  970.3 |
       Dungeon |   9524 |   9129 |    395 |   1328 |   5313 |   9 | 1058.2 |
        Temple |    178 |    151 |     27 |      0 |    137 |   1 |  178.0 |
               +--------+--------+--------+--------+--------+-----+--------+

Top non-repeatable levels by time:
     D:8: 1455 daAuts
     D:4: 1289 daAuts
     D:6: 1276 daAuts
     D:2: 1149 daAuts
     D:1: 1127 daAuts
     D:7: 1109 daAuts
     D:5: 1108 daAuts
     D:3: 739 daAuts
     D:9: 267 daAuts
  Temple: 178 daAuts
